 Dungeon Crawl Stone Soup version 0.29.1-15-g9cfb28693d (webtiles) character file.

Game seed: 4191608826218738976

158 Eitelfritz the Chopper (level 5, -7/47 HPs)
             Began as a Hill Orc Fighter on Apr 21, 2023.
             Mangled by a gnoll
             ... wielding a +0 halberd
              (10 damage)
             ... on level 2 of the Dungeon.
             The game lasted 00:03:43 (2033 turns).

Eitelfritz the Chopper (Hill Orc Fighter)           Turns: 2033, Time: 00:03:44

Health: -7/47      AC:  7    Str: 21    XL:     5   Next: 40%
Magic:  5/5        EV: 13    Int:  8    God:
Gold:   144        SH:  4    Dex: 10    Spells: 4/4 levels left

rFire   . . .      SeeInvis .   a - +0 war axe
rCold   . . .      Faith    .   c - +0 buckler
rNeg    . . .      Spirit   .   b - +0 scale mail
rPois   .          Reflect  .   (no helmet)
rElec   .          Harm     .   (no cloak)
rCorr   .          Rampage  .   (no gloves)
Will    .....                   (no boots)
Stlth   ..........              (no amulet)
HPRegen 0.15/turn               k - +4 ring of evasion
MPRegen 0.09/turn               (no ring)

@: mighty
A: no striking features
a: no special abilities


You were on level 2 of the Dungeon.
You visited 1 branch of the dungeon, and saw 3 of its levels.

You collected 144 gold pieces.

Inventory:

Hand Weapons
 a - a +0 war axe (weapon)
Missiles
 j - 5 curare-tipped darts (quivered)
 r - 5 poisoned darts
Armour
 b - a +0 scale mail (worn)
 c - a +0 buckler (worn)
Jewellery
 e - a +6 ring of intelligence
 k - a +4 ring of evasion (left hand)
Scrolls
 h - 3 scrolls of teleportation {unknown}
 l - 3 scrolls of identify {unknown}
 n - a scroll of acquirement {unknown}
 o - a scroll of enchant armour {unknown}
 p - a scroll of fear {unknown}
Potions
 f - 2 potions of attraction {unknown}
 g - a potion of mutation {unknown}
 i - a potion of magic {unknown}
 m - a potion of flight {unknown}
 q - a potion of heal wounds {unknown}


   Skills:
 + Level 4.6 Fighting
 + Level 5.2 Axes
 + Level 4.0 Armour
 + Level 0.6 Dodging
 + Level 3.6 Shields


You had 4 spell levels left.
You didn't know any spells.
Your spell library was empty.

Dungeon Overview and Level Annotations

Branches:
Dungeon (3/15)

Altars:


Message History

The gnoll barely misses you. The gnoll misses you.
The jackal completely misses you.
The gnoll hits you from afar with a +0 halberd!
The gnoll barely misses you. The gnoll hits you with a +0 whip.
The jackal misses you. The gnoll misses you.
The jackal attacks as you move away! You block the jackal's attack.
A rat comes into view.
The jackal bites you. The jackal barely misses you.
The jackal attacks as you move away! You block the jackal's attack.
You block the jackal's attack. The jackal attacks as you move away!
The jackal barely misses you. The gnoll barely misses you.
The gnoll closely misses you. The jackal attacks as you move away!
The jackal barely misses you.
The jackal bites you but does no damage.
The gnoll hits you with a +0 halberd! The gnoll barely misses you.
There is a stone staircase leading up, spattered with blood here.
Items here: ( ) = [[ †.
The jackal closely misses you. The gnoll misses you.
The gnoll hits you with a +0 club.
You climb upwards.
There is a stone staircase leading down here.
You completely miss the gnoll. You slash the jackal!
You kill the jackal!
You hit the gnoll. The gnoll hits you with a +0 halberd.
The gnoll hits you with a +0 club.
* * * LOW HITPOINT WARNING * * *
Your Armour skill increases to level 4!
You closely miss the gnoll. You slash the gnoll! You block the gnoll's attack.
The gnoll misses you.
You closely miss the gnoll. You barely miss the gnoll.
The gnoll hits you but does no damage. The gnoll closely misses you.
The gnoll hits you with a +0 halberd!
* * * LOW HITPOINT WARNING * * *
The gnoll hits you but does no damage.
You feel very mighty all of a sudden. You block the gnoll's attack.
The gnoll hits you with a +0 club.
* * * LOW HITPOINT WARNING * * *
You barely miss the gnoll. x2; The gnoll hits you with a +0 halberd!
You die...

#.# #....#.....##)......†
#.# #.##.#.###.##.#######
#.# #.............# #.#
####.#.#.###..# #.#
#.#.#...#..#
#.##############.)...#.#..#
.....................#.#..#
##########......g....#.#..#
#.....g@..#.#)...#
############.####.#
#..............##.#######
############.#.##.#......
#.........#.##.#.#####
#.........#.##.#.#....
#.........#....#.#.###
#.........#..###.#.#
#........##..#.#.#.#


You could see 2 gnolls.

Vanquished Creatures
  2 jellies (D:3)
  2 adders (D:2)
  A worm (D:2)
  A dart slug (D:2)
  5 ball pythons
  14 endoplasms
  5 goblins
  4 hobgoblins (D:2)
  6 jackals
  13 kobolds
  A quokka (D:1)
  5 bats
  2 frilled lizards
  6 rats
  A spectral goblin (D:1)
68 creatures vanquished.

Vanquished Creatures (others)
  8 fungi (D:3)
  9 toadstools (D:3)
17 creatures vanquished.

Grand Total: 85 creatures vanquished

Notes
Turn   | Place    | Note
-------+----------+-------------------------------------------
     0 | D:1      | Eitelfritz the Hill Orc Fighter began the quest for the
                  | Orb.
     0 | D:1      | Reached XP level 1. HP: 19/19 MP: 1/1
   330 | D:1      | Reached XP level 2. HP: 19/27 MP: 2/2
   437 | D:1      | Found a faded altar of an unknown god.
   581 | D:1      | Reached skill level 3 in Axes
   926 | D:2      | Reached XP level 3. HP: 32/33 MP: 3/3
  1422 | D:2      | Reached skill level 4 in Axes
  1422 | D:2      | Reached XP level 4. HP: 40/40 MP: 4/4
  1827 | D:3      | Reached XP level 5. HP: 35/47 MP: 5/5
  1864 | D:3      | Reached skill level 5 in Axes
  2033 | D:2      | Mangled by a gnoll

Illustrated notes

Levels and vault maps discovered:
D:1:      denvon_arrival_hothouse, layout_basic,
          dreamdust_ecumenical_altar_drowned_temple
D:2:      layout_basic
D:3:      cheibrodos_fertilizer, layout_rooms, nicolae_uskayaw_dance_hall,
          serial_shops, nicolae_shop_advertising_works
          [nicolae_subvault_shop_adworks], serial_glass, glass_columns_a,
          glass_columns_a, feat_on_display, due_unseen_surprise

Skill      XL: |  1  2  3  4  5 |
---------------+----------------+-----
Axes           | 3 4 5 |  5.2
Fighting       | 4 |  4.6
Armour         | 4 |  4.0
Dodging        | |  0.6
Shields        | |  3.6

Action                   |  1- 3 |  4- 6 || total
-------------------------+-------+-------++-------
Melee: War axe           |   114 |    66 ||   180
  Use: Potion            |       |     1 ||     1
Armor: Scale mail        |    52 |    26 ||    78
Dodge: Dodged            |    73 |    54 ||   127
Block: Buckler           |    20 |    15 ||    35
